 Dungeon Crawl Stone Soup version 0.31-a0-232-gb1c03b2570 (webtiles) character file.

Game seed: 15985394912777336568

401 qw the Shooter (level 6, -12/37 HPs)
             Began as a Gargoyle Hexslinger on July 7, 2023.
             Mangled by an ogre
             ... wielding a +0 giant club
              (25 damage)
             ... on level 4 of the Dungeon.
             The game lasted 00:01:19 (3605 turns).

qw the Shooter (Gargoyle Hexslinger)                Turns: 3605, Time: 00:01:19

Health: -12/37     AC: 12    Str: 11    XL:     6   Next: 85%
Magic:  7/7        EV: 11    Int: 14    God:
Gold:   174        SH:  0    Dex: 14    Spells: 6/7 levels left

rFire   + . .        Y - +7 shortbow (drain)
rCold   . . .        (shield currently unavailable)
rNeg    + . .        l - +2 leather armour {rF+}
rPois   inf          g - +0 helmet
rElec   +            m - +0 cloak
rCorr   .            k - +0 pair of gloves
SInv    .            (no boots)
Will    .....        (no amulet)
Stlth   +            (no ring)
HPRegen 0.26/turn    (no ring)
MPRegen 0.10/turn

%: no passive effects
@: no status effects
A: sickness immunity, AC +4, negative energy resistance 1, electricity
resistance, torment resistance 1, petrification resistance
a: no special abilities


You were on level 4 of the Dungeon.
You visited 1 branch of the dungeon, and saw 4 of its levels.

You collected 174 gold pieces.


Innate Abilities, Weirdness & Mutations

You are immune to sickness and miasma.
Your stone body is resilient. (AC +4)
You are immune to poison.
You resist negative energy. (rN+)
You are resistant to electric shocks. (rElec)
You are resistant to unholy torment.
You are immune to petrification.


   Skills:
 + Level 3.3 Fighting
 - Level 6.0 Ranged Weapons
 - Level 1.8 Armour
 - Level 1.5 Dodging
 - Level 1.0 Spellcasting
 - Level 2.6 Hexes


You had 6 spell levels left.
You knew the following spells:

 Your Spells              Type           Power      Damage    Failure   Level
a - Slow                  Hex            32%        N/A       12%         1

Your spell library contained the following spells:

 Spells                   Type           Power      Damage    Failure   Level
 Inner Flame              Hex/Fire       4%         N/A       52%         3
 Portal Projectile        Hex/Tloc       8%         N/A       52%         3
 Cause Fear               Hex            4%         N/A       75%         4

Inventory:

Hand Weapons
 Y - a +7 shortbow of draining (weapon)
Armour
 g - a +0 helmet (worn)
 k - a +0 pair of gloves (worn)
 l - a +2 leather armour of fire resistance (worn)
 m - a +0 cloak (worn)
Jewellery
 e - an amulet of the acrobat
Scrolls
 a - 2 scrolls of identify
 c - a scroll of teleportation
 d - a scroll of fog {unknown}
 f - a scroll of vulnerability {unknown}
Potions
 b - a potion of cancellation
 h - a potion of ambrosia {unknown}
 j - a potion of enlightenment {unknown}

Dungeon Overview and Level Annotations

Branches:
Dungeon (4/15)
 Temple: D:4-7

Altars:
Gozag
Ru
The Shining One

Annotations:
D:3 1 runed translucent door, Crazy Yiuf


Message History

Things that are here:
a +0 club; a goblin corpse; a hobgoblin corpse
There is an open door here.
Things that are here:
a +0 club; a +0 dagger You now have 174 gold pieces (gained 7).
You open the door.
An ogre comes into view. It is wielding a +0 giant club.
The ogre shouts!
Enter note:
Enter note:
Enter note:
Enter note:
Enter note:
Enter note:
Enter note:
Enter note:
Enter note:
Enter note:
Enter note:
Enter note:
Enter note:
Enter note:
Enter note: An ogre is nearby!
3597 ||| UPGRADING to +0 helmet.
You start putting on your armour.
You continue putting on your +0 helmet. x4
You finish putting on your +0 helmet.
You shoot an arrow. The arrow completely misses the ogre.
The ogre hits you with a +0 giant club!
You shoot an arrow. The arrow hits the ogre!
The ogre is heavily wounded.
The ogre hits you with a +0 giant club!
You shoot an arrow. The arrow hits the ogre.
The ogre is severely wounded.
You shoot an arrow. The arrow hits the ogre!
The ogre is almost dead.
The ogre hits you with a +0 giant club!!
Ouch! That really hurt!
You die...

#.# .## #.# ##..## #.# .....#
##'#### ########.#.#.#####...##.
#.................'...'..
#.........#.#.#####...###
#.......O.........'..[# # ####
#.......@# ....####.).### ...#
#........# # #...... ...#
#........# #...### ...#
#........###########'## # ...#
#........'...........####
#########........######.###....#
#...................# #.###....#
#..................)###.)......##
'...................'))).......'.


You could see an ogre.

Vanquished Creatures
  A crimson imp (D:3)
  2 hounds (D:4)
  Jessica (D:2)
  Terence (D:3)
  A sleepcap (D:4)
  Natasha (twice) (D:4)
  An orc wizard (D:3)
  Robin (D:4)
  3 adders
  An ufetubus (D:4)
  A worm (D:2)
  3 dart slugs
  8 orcs
  5 bats (D:2)
  9 endoplasms
  3 giant cockroaches
  14 goblins
  13 hobgoblins
  2 quokkas
  5 ball pythons
  8 frilled lizards
  A goblin skeleton (D:3)
  A goblin zombie (D:3)
  3 hobgoblin zombies (D:3)
  7 kobolds
  An orc zombie (D:3)
  8 rats
106 creatures vanquished.

Notes
Turn   | Place    | Note
-------+----------+-------------------------------------------
     0 | D:1      | qw the Gargoyle Hexslinger began the quest for the Orb.
     0 | D:1      | Reached XP level 1. HP: 12/12 MP: 2/2
     0 | D:1      | 0 ||| qw: Version: 0.3-a-46-gb1f654a
     0 | D:1      | 0 ||| qw: Game counter: 2702
     0 | D:1      | 0 ||| qw: Melee chars always use a shield: true
     0 | D:1      | 0 ||| qw: God list: Okawaru
     0 | D:1      | 0 ||| qw: Allow faded altars: false
     0 | D:1      | 0 ||| qw: Do Orc after clearing Dungeon:15 true
     0 | D:1      | 0 ||| qw: Do second Lair branch before Depths: true
     0 | D:1      | 0 ||| qw: Lair rune preference: random
     0 | D:1      | 0 ||| qw: Goals: Normal
     0 | D:1      | 0 ||| PLANNING D:1-11
   239 | D:1      | Reached XP level 2. HP: 16/16 MP: 3/3
   379 | D:1      | Reached skill level 3 in Ranged Weapons
   707 | D:1      | 707 ||| DROPPING ring of magical power.
   708 | D:1      | 708 ||| READING 2 scrolls labelled NAOK EKUIL.
   709 | D:1      | 709 ||| DROPPING scroll of poison.
   798 | D:2      | Reached XP level 3. HP: 18/21 MP: 4/4
   873 | D:2      | Found a sacrificial altar of Ru.
   974 | D:2      | Noticed Jessica
   981 | D:2      | Killed Jessica
   982 | D:2      | Reached XP level 4. HP: 25/26 MP: 5/5
  1059 | D:2      | Reached skill level 4 in Ranged Weapons
  1286 | D:2      | 1286 ||| READING scroll labelled NEICVY ISUG.
  1287 | D:2      | 1287 ||| READING scroll labelled ZEISTR UNTUJUPH.
  1288 | D:2      | 1288 ||| READING scroll labelled KUQOBOXEWN.
  1288 | D:2      | Identified a scroll of acquirement
  1288 | D:2      | 1288 ||| ACQUIRING +7 shortbow of draining
  1288 | D:2      | Acquired a +7 shortbow of draining
  1290 | D:2      | 1290 ||| SWAPPING to +7 shortbow of draining.
  1291 | D:2      | 1291 ||| DROPPING +1 sling.
  1292 | D:2      | 1292 ||| DRINKING 3 bubbling orange potions.
  1329 | D:2      | 1329 ||| DRINKING 2 brown potions.
  1330 | D:2      | 1330 ||| READING 2 scrolls of identify.
  1330 | D:2      | 1330 ||| IDENTIFYING cyan potion
  1331 | D:2      | 1331 ||| DROPPING 2 potions of lignification.
  1795 | D:3      | Noticed Terence
  1798 | D:3      | Killed Terence
  1800 | D:3      | Reached XP level 5. HP: 30/30 MP: 6/6
  1803 | D:3      | 1803 ||| FLEEEEING.
  1804 | D:3      | 1804 ||| FLEEEEING.
  1805 | D:3      | 1805 ||| FLEEEEING.
  1808 | D:3      | 1808 ||| DRINKING potion of curing.
  1808 | D:3      | 1808 ||| (to cure confusion)
  1827 | D:3      | Reached skill level 5 in Ranged Weapons
  2126 | D:3      | Found a glowing golden altar of the Shining One.
  2130 | D:3      | Reached skill level 3 in Fighting
  2230 | D:3      | Found a runed translucent door.
  2231 | D:3      | Noticed Crazy Yiuf
  2685 | D:3      | 2685 ||| UPGRADING to +0 leather armour.
  2695 | D:3      | 2695 ||| DROPPING +0 robe.
  2696 | D:3      | 2696 ||| UPGRADING to +0 ring mail.
  2706 | D:3      | 2706 ||| DROPPING +0 leather armour.
  2707 | D:3      | 2707 ||| UPGRADING to +0 pair of gloves.
  2712 | D:3      | 2712 ||| UPGRADING to +2 leather armour of fire resistance.
  2722 | D:3      | 2722 ||| DROPPING +0 ring mail.
  2723 | D:3      | 2723 ||| UPGRADING to +0 cloak.
  2728 | D:3      | 2728 ||| READING scroll labelled FEBUETHR ODINU.
  2936 | D:3      | 2936 ||| READING 3 scrolls of identify.
  2936 | D:3      | 2936 ||| IDENTIFYING glowing cyan potion
  2937 | D:3      | 2937 ||| READING 2 scrolls of identify.
  2937 | D:3      | 2937 ||| IDENTIFYING green potion
  2938 | D:3      | 2938 ||| DROPPING potion of attraction.
  2939 | D:3      | 2939 ||| DROPPING potion of magic.
  3157 | D:4      | Reached skill level 1 in Armour
  3157 | D:4      | Reached XP level 6. HP: 37/37 MP: 7/7
  3266 | D:4      | Noticed Natasha
  3269 | D:4      | Killed Natasha
  3377 | D:4      | Noticed Natasha
  3381 | D:4      | Killed Natasha
  3445 | D:4      | Reached skill level 6 in Ranged Weapons
  3490 | D:4      | Identified the +10 whip of Gucoa {heavy, Int+2}
  3510 | D:4      | Found an opulent altar of Gozag.
  3549 | D:4      | Noticed Robin
  3558 | D:4      | Killed Robin
  3597 | D:4      | 3597 ||| UPGRADING to +0 helmet.
  3605 | D:4      | Mangled by an ogre

Levels and vault maps discovered:
D:1:      denvon_arrival_waterhouse, layout_basic
D:2:      layout_rooms, basic_altar, due_unseen_surprise, uniq_jessica
D:3:      minmay_chambers_of_twos, layout_basic, nicolae_tso_besieged_by_evil,
          uniq_terence, uniq_crazy_yiuf_cottage
D:4:      layout_basic, grunt_gozag_statues, serial_glass, glass_columns_a,
          glass_columns_a, glass_columns_b, glass_columns_a, glass_columns_c,
          glass_columns_c, feat_on_display, feat_on_display,
          due_unseen_surprise, item_on_display_a, uniq_natasha, uniq_robin

Skill      XL: |  1  2  3  4  5  6 |
---------------+-------------------+-----
Ranged Weapons | 3 4 5 6 |  6.0
Fighting       | 2 3 |  3.3
Armour         | 1 |  1.8
Dodging        | |  1.5
Spellcasting   | |  1.0
Hexes          | |  2.6

Action                     |  1- 3 |  4- 6 || total
---------------------------+-------+-------++-------
   Fire: Sling             |   116 |    22 ||   138
         Shortbow          |       |   146 ||   146
    Use: Scroll            |     1 |     7 ||     8
         Potion            |       |     3 ||     3
 Armour: Robe              |    10 |    20 ||    30
         Leather armour    |       |    21 ||    21
  Dodge: Dodged            |    37 |    48 ||    85

Table legend:
 A = Non-vault XP
 B = Vault XP
 C = Vault XP percentage of total XP
 D = Non-vault monster count
 E = Vault monster count
 F = Vault count percentage of total count
                 A         B        C        D         E       F
            +---------+---------+-------+---------+---------+-------
      Total |     363 |     211 |  36.8 |      77 |      29 |  27.4
            +---------+---------+-------+---------+---------+-------
        D:1 |      26 |       0 |   0.0 |      16 |       0 |   0.0
        D:2 |      42 |      37 |  46.8 |      18 |       1 |   5.3
        D:3 |      81 |     105 |  56.5 |      25 |      16 |  39.0
        D:4 |     214 |      69 |  24.4 |      18 |      12 |  40.0
            +---------+---------+-------+---------+---------+-------
